 Dungeon Crawl Stone Soup version 0.17-a0-1591-g7a45446 (webtiles) character file.

1036 carl the Ducker (level 8, 0/80 HPs)
             Began as a Troll Monk on July 28, 2015.
             Was a Follower of Ru.
             Slain by a white ugly thing (11 damage)
             ... on level 6 of the Dungeon on July 29, 2015.
             The game lasted 00:08:10 (3858 turns).

carl the Ducker (Troll Monk)                        Turns: 3858, Time: 00:08:10

Health: 0/80       AC:  5    Str: 20    XL:     8   Next: 3%
Magic:  7/7        EV: 12    Int:  8    God:    Ru [*.....]
Gold:   238        SH:  0    Dex: 12    Spells: 0 memorised, 7 levels left

rFire  . . .     SeeInvis .       - Unarmed
rCold  . . .     Clarity  .     a - +0 robe
rNeg   . . .     SustAt   .     (no shield)
rPois  .         Gourm    +     (helmet restricted)
rElec  .         Spirit   .     (no cloak)
rCorr  .         Warding  .     (gloves unavailable)
rMut   .         Stasis   .     (boots unavailable)
MR     .....                    (no amulet)
Stlth  +.........               (no ring)
                                (no ring)

@: not resistant to hostile enchantments, very unstealthy
A: unfitting armour, claws 3, fast metabolism 3, gourmand, regeneration 2,
shaggy fur 1, tough skin 2, hated by all
a: Renounce Religion


You were on level 6 of the Dungeon.
You worshipped Ru.
Ru was aware of your devotion.
You were not hungry.

You visited 2 branches of the dungeon, and saw 7 of its levels.

You collected 238 gold pieces.

Inventory:

Missiles
 A - 5 large rocks (quivered)
Armour
 a - a +0 robe (worn)
Jewellery
 f - an uncursed amulet of warding {unknown}
Scrolls
 d - 2 scrolls of remove curse {unknown}
 h - 2 scrolls of amnesia {unknown}
 i - 2 scrolls of noise {unknown}
 j - 4 scrolls of identify {unknown}
 n - 4 scrolls of teleportation {unknown}
 q - a scroll of recharging {unknown}
 r - 2 scrolls of enchant weapon {unknown}
 t - 2 scrolls of fog {unknown}
 u - a scroll of blinking {unknown}
 v - a scroll of random uselessness {unknown}
 y - a scroll of immolation {unknown}
Potions
 c - 2 potions of resistance {unknown}
 e - a potion of might {unknown}
 g - 6 potions of heal wounds {unknown}
 l - 4 potions of curing {unknown}
 p - 3 potions of magic {unknown}
 s - a potion of mutation {unknown}
 w - a potion of haste {unknown}
 x - a potion of lignification {unknown}
Comestibles
 b - 4 bread rations
 k - 3 fruits
 m - a slice of pizza
 o - 2 meat rations
 z - a chunk of flesh


   Skills:
 + Level 5.2 Fighting
 - Level 6.0 Dodging
 - Level 1.1 Stealth
 - Level 5.3 Unarmed Combat


You had 7 spell levels left.
You didn't know any spells.

Dungeon Overview and Level Annotations

Branches:
Dungeon (6/15)             Temple (1/1) D:4

Altars:
Ashenzari
Cheibriados
Dithmenos
Elyvilon
Fedhas
Gozag
Kikubaaqudgha
Makhleb
Nemelex Xobeh
Okawaru
Qazlal
Ru
Sif Muna
Trog
Vehumet
Xom
Yredelemnul
Zin
The Shining One

Shops:
D:5 %


Innate Abilities, Weirdness & Mutations

You are too large for most types of armour.
You have claws for hands.
Your metabolism is lightning-fast.
You like to eat raw meat.
You heal very quickly.
You are covered in fur (AC +1).
You have very tough skin (AC +2).
You are hated by all.


Message History

No target in view!
You see here a giant newt corpse.
A white ugly thing comes into view.
The white ugly thing gurgles horribly!
The white ugly thing tentacle-slaps you!
The white ugly thing freezes you!!
You claw the white ugly thing!
The white ugly thing is moderately wounded.
The white ugly thing tentacle-slaps you but does no damage.
You closely miss the white ugly thing.
The white ugly thing is moderately wounded.
The white ugly thing tentacle-slaps you!
The white ugly thing freezes you!!
* * * LOW HITPOINT WARNING * * *
The white ugly thing closely misses you.
You see here a giant newt corpse.
You hear the slow rusting of a drain nearby.
You see here 19 stones.
The white ugly thing tentacle-slaps you!
You die...

#.$.... ..# #...#.#
#.# #...#.# #.#
#...#.# #.# # #..<#.#
#.###.#
#...#.####...#.#
h#####......(..†....#
........u..######.###
# #####.@#### #.# #
#..# #.# # ######..#
#.# # ........# #.#
####### ########.#
#.. .......#.. ..#.#
#.# #.#####.# #.#.#
###
...$....######.#.#
.......$.........#
###


You could see a white ugly thing and a jackal (wandering).

Vanquished Creatures
  A phantom (D:5)
  An ogre (D:4)
  A sky beast (D:5)
  2 giant frogs
  2 scorpions
  A quasit (D:5)
  2 orc priests
  A hound (D:6)
  A jelly (D:5)
  Ijyb (D:2)
  5 orc wizards
  Jessica (D:2)
  A hound zombie (D:5)
  A hound skeleton (D:4)
  7 adders
  A shadow imp (D:6)
  An ooze (D:2)
  An adder skeleton (D:4)
  An adder zombie (D:6)
  3 worms
  3 giant geckos (D:2)
  12 orcs
  A bat skeleton (D:4)
  8 giant cockroaches
  9 goblins
  9 hobgoblins
  2 jackals (D:2)
  3 quokkas
  4 ball pythons
  11 bats
  7 giant newts
  9 kobolds
  A quokka skeleton (D:5)
  12 rats
126 creatures vanquished.

Notes
Turn   | Place    | Note
--------------------------------------------------------------
     0 | D:1      | carl the Troll Monk began the quest for the Orb.
     0 | D:1      | Reached XP level 1. HP: 22/22 MP: 0/0
   141 | D:1      | Reached XP level 2. HP: 27/29 MP: 1/1
   267 | D:1      | Upgraded the game from 0.17-a0-1583-g2df49ec to 0.17-a0-1591-g7a45446
   486 | D:2      | Noticed Jessica
   492 | D:2      | Killed Jessica
   492 | D:2      | Reached skill level 5 in Unarmed Combat
   492 | D:2      | Reached XP level 3. HP: 36/36 MP: 2/2
   553 | D:2      | Reached XP level 4. HP: 44/44 MP: 3/3
   828 | D:2      | Noticed Ijyb
   842 | D:2      | Killed Ijyb
  1115 | D:2      | Reached XP level 5. HP: 50/50 MP: 4/4
  1596 | D:3      | Reached XP level 6. HP: 50/59 MP: 5/5
  1926 | D:4      | Reached skill level 5 in Dodging
  2081 | D:4      | Found a sparkling altar of Nemelex Xobeh.
  2437 | D:4      | Found a staircase to the Ecumenical Temple.
  2444 | Temple   | Entered the Ecumenical Temple
  2482 | Temple   | Became a worshipper of Ru the Awakened
  2509 | Temple   | Gained mutation: You are hated by all. [Ru sacrifice]
  2509 | Temple   | Acquired Ru's first power
  2658 | D:5      | Entered Level 5 of the Dungeon
  2693 | D:4      | Reached skill level 6 in Dodging
  2693 | D:4      | Reached XP level 7. HP: 63/66 MP: 6/6
  3040 | D:5      | Found Muroc's Food Shop.
  3096 | D:5      | Found a white marble altar of Elyvilon.
  3678 | D:6      | Reached skill level 5 in Fighting
  3757 | D:6      | Reached XP level 8. HP: 74/80 MP: 7/7
  3843 | D:6      | Noticed a white ugly thing
  3847 | D:6      | HP: 4/80 [white ugly thing (21)]
  3858 | D:6      | Slain by a white ugly thing

Vault maps used:
D:1:      lightli_arrival_noodles
D:2:      first_bread, minmay_misc_feat_chi, uniq_iyjb, uniq_jessica
D:4:      old_standard_altar, minmay_temple_entry_enclosed_plants
D:5:      serial_shops, shop_statue, basic_altar, serial_co_window_serial,
          co_window_of_opportunity_a, co_window_paths_a,
          co_window_of_opportunity_a, co_window_paths_b, co_window_corner_a,
          co_window_corner_b, co_window_broadway_a, co_window_cross_4,
          co_window_cross_4, glass_columns_b, glass_columns_a, glass_columns_a,
          glass_columns_a, glass_columns_c
D:6:      portal_sewer_entry_d, kennysheep_generic_room_14
Temple:   kilobyte_greek_temple_18

Action                   |  1- 3 |  4- 6 |  7- 9 || total
-------------------------+-------+-------+-------++-------
Melee: Unarmed           |    57 |   180 |   126 ||   363
Invok: Sacrifice Love    |       |     1 |       ||     1
 Stab: Sleeping          |     1 |     9 |     4 ||    14
       Distracted        |       |     1 |       ||     1
  Eat: Chunk             |     8 |    18 |    10 ||    36
